 Dungeon Crawl Stone Soup version 0.26-a0-393-g67388ea477 (webtiles) character file.

Game seed: 6313395615108511613

189 ReteAZ the Changer (level 5, -1/40 HPs)
             Began as a Draconian Transmuter on July 22, 2020.
             Killed by nerve-wracking pain
             ... invoked by Jessica
              (5 damage)
             ... on level 2 of the Dungeon.
             The game lasted 00:05:24 (2661 turns).

ReteAZ the Changer (Draconian Transmuter)           Turns: 2661, Time: 00:05:25

Health: -1/40      AC:  5    Str: 13    XL:     5   Next: 40%
Magic:  8/9        EV: 12    Int: 14    God:
Gold:   119        SH:  0    Dex: 11    Spells: 5/10 levels left

rFire    . . .     SeeInvis .     - Unarmed
rCold    . . .     Faith    .   (shield currently unavailable)
rNeg     . . .     Spirit   .   (armour unavailable)
rPois    .         Reflect  .   (helmet currently unavailable)
rElec    .         Harm     .   (cloak currently unavailable)
rCorr    .                      (gloves currently unavailable)
MR       .....                  (boots currently unavailable)
Stlth    +.........             (no amulet)
HPRegen  0.13/turn              (no ring)
MPRegen  0.11/turn              (no ring)

@: lethally poisoned (-1 -> -2), appendages
A: unfitting armour, horns 2, talons 2, cold-blooded, AC +5
a: End Transformation


You were on level 2 of the Dungeon.
You had grown temporary horns.
You had grown temporary talons.
You visited 1 branch of the dungeon, and saw 4 of its levels.

You collected 119 gold pieces.

Inventory:

Jewellery
 j - an uncursed amulet of the acrobat {unknown}
Scrolls
 a - 3 scrolls of blinking {unknown}
 b - 3 scrolls of identify {unknown}
 c - a scroll of magic mapping {unknown}
 d - a scroll of noise {unknown}
 e - a scroll of fog {unknown}
 h - 2 scrolls of teleportation {unknown}
Potions
 f - 3 potions of curing {unknown}
 g - a potion of brilliance {unknown}
 i - 2 potions of stabbing {unknown}


   Skills:
 - Level 1.1 Fighting
 - Level 2.0 Dodging
 - Level 4.0 Unarmed Combat
 - Level 3.0 Spellcasting
 + Level 4.2 Transmutations
 + Level 0.3 Ice Magic


You had 5 spell levels left.
You knew the following spells:

 Your Spells              Type           Power        Failure   Level
a - Beastly Appendage     Tmut           ##....       3%          1
b - Ice Form              Ice/Tmut       #.......     63%         4

Your spell library contained the following spells:

 Spells                   Type           Power        Failure   Level
 Wereblood                Tmut           ##......     6%          2
 Spider Form              Tmut/Pois      #.........   26%         3
 Blade Hands              Tmut           ##........   71%         5


Dungeon Overview and Level Annotations

Branches:
Dungeon (4/15)
 Temple: D:4-7

Altars:
Elyvilon

Annotations:
D:2 Jessica, Natasha


Innate Abilities, Weirdness & Mutations

Your plain brown scales are hard. (AC +5)
You cannot fit into any form of body armour.
You are cold-blooded and may be slowed by cold attacks.
You have a pair of horns on your head.
You have razor-sharp toenails.


Message History

The crimson imp blinks!
You closely miss Natasha.
Your tail-slap misses Natasha.
Natasha is moderately wounded.
The crimson imp disappears in a puff of smoke!
Natasha zaps a wand.
You resist with some effort. Jessica casts a spell at you.
Pain shoots through your body!
* * * LOW HITPOINT WARNING * * *
The white imp shouts, "Scamper away, thou quaking moldwarp baggage!"
Casting: Beastly Appendage (safe; 3% risk of failure)
Confirm with . or Enter, or press ? or * to list all spells.
You grow a pair of large bovine horns.
Your feet morph into talons.
You feel sick. Natasha closely misses you.
You hit Natasha. You claw Natasha, but do no damage.
Natasha is heavily wounded.
Natasha claws you!
* * * LOW HITPOINT WARNING * * *
Jessica points at you and mumbles some strange words.
Pain shoots through your body!
You die...

.## #. #.#... .. #.# #.#<..
..#.## #######.#... .#..#
#........... . ...#
#..._....... #. #S.#
#.........>. #.@ #..#
#........... K.
#..########.).........
####.####..5h@................
..........####@.......#######.
......................# ####.
####.....(####§.......# #....
....##########..÷.....####.###
... ...........§....>..## ..
.####........###...##
#........# #...## ...
#......[.# #...##


You could see Natasha, a white imp (summoned) and Jessica (fast).

Vanquished Creatures
  Natasha (D:2)
  A worker ant (D:4)
  A hound skeleton (D:4)
  4 gnolls (D:4)
  5 adders (D:2)
  3 leopard geckos
  3 giant cockroaches
  3 goblins
  4 hobgoblins
  3 ball pythons
  7 bats
  5 frilled lizards
  A jackal skeleton (D:4)
  4 kobolds
  8 rats
53 creatures vanquished.

Notes
Turn   | Place    | Note
-------+----------+-------------------------------------------
     0 | D:1      | ReteAZ the Draconian Transmuter began the quest for the
                  | Orb.
     0 | D:1      | Reached XP level 1. HP: 16/16 MP: 3/3
   308 | D:1      | Reached XP level 2. HP: 22/23 MP: 5/5
  1329 | D:2      | Reached XP level 3. HP: 27/28 MP: 6/6
  1508 | D:2      | Reached XP level 4. HP: 31/35 MP: 5/7
  1509 | D:2      | Noticed Natasha
  1705 | D:2      | You fall into a shaft and drop 2 floors!
  2212 | D:4      | Reached XP level 5. HP: 24/40 MP: 7/9
  2555 | D:2      | Found a white marble altar of Elyvilon.
  2578 | D:2      | Killed Natasha
  2584 | D:2      | Learned a level 4 spell: Ice Form
  2630 | D:2      | Noticed Natasha
  2634 | D:2      | Noticed Jessica
  2661 | D:2      | Killed from afar by Jessica

Illustrated notes

Levels and vault maps discovered:
D:1:      mrwooster_arrival_statue, layout_loops_cross
D:2:      layout_basic, overflow_temple_1_default, old_standard_altar,
          st_stairs_8, uniq_jessica, uniq_natasha
D:3:      layout_loops_corners
D:4:      minmay_general_purpose_star, layout_layer_cave, old_standard_altar

Skill      XL: |  1  2  3  4  5 |
---------------+----------------+-----
Dodging        | 2 |  2.0
Transmutations | 3 4 |  4.2
Unarmed Combat | 4 |  4.0
Spellcasting   | 3 |  3.0
Fighting       | |  1.1
Ice Magic      | |  0.3

Action                   |  1- 3 |  4- 6 || total
-------------------------+-------+-------++-------
Melee: Unarmed           |   132 |    79 ||   211
       Tailslap          |     8 |     6 ||    14
       Headbutt          |     8 |     7 ||    15
       Kick              |     6 |    16 ||    22
       Punch             |     1 |       ||     1
 Cast: Beastly Appendage |    12 |    11 ||    23
 Stab: Sleeping          |     1 |       ||     1
Armor: Skin              |    52 |    14 ||    66
Dodge: Dodged            |   110 |    36 ||   146

Table legend: (Time is in decaauts)
 A = Elapsed time spent in this place.
 B = Non-inter-level travel time spent in this place.
 C = Inter-level travel time spent in this place.
 D = Time resting spent in this place.
 E = Time spent auto-exploring this place.
 F = Levels seen in this place.
 G = Mean time per level.
                   A        B        C        D        E       F      G
               +--------+--------+--------+--------+--------+-----+--------+
         Total |   2649 |   2622 |     27 |    998 |   1087 |   4 |  662.2 |
       Dungeon |   2649 |   2622 |     27 |    998 |   1087 |   4 |  662.2 |
               +--------+--------+--------+--------+--------+-----+--------+

Top non-repeatable levels by time:
     D:1: 1111 daAuts
     D:2: 772 daAuts
     D:4: 752 daAuts
     D:3: 12 daAuts
